Map: 데스오라 - 래더

Players

Bunny

  • Race: Terran Terran
  • Spawn Location: 11:00

Lambo - Winner!

  • Race: Zerg Zerg
  • Spawn Location: 5:00

Event: StayAtHomestory Cup #2

VOD

Have the link to the VOD?

Description

Time

  • Played on: June 11, 2020, 6:05 a.m.
  • Length: 14:57

All games in this series

Show
View Real Time Build Order
Export as new Build Order

Bunny Terran 

Build Orders: Reaper Expand 

Get SALT Encoding   

  12  0:01  SCV  
  13  0:13  SCV  
  14  0:17  Supply Depot  
  14  0:25  SCV  
  15  0:39  SCV  
  15  0:40  Barracks  
  16  0:44  Refinery  
  16  0:51  SCV  
  17  1:03  SCV  
  18  1:15  SCV  
  19  1:27  Reaper, Orbital Command  
  20  1:38  Command Center  
  20  1:49  Supply Depot  
  20  1:53  SCV  
  21  1:59  Marine  
  22  2:05  SCV  
  23  2:08  Factory  
  23  2:17  SCV, Marine  
  25  2:27  Refinery  
  25  2:29  SCV  
  26  2:41  SCV  
  27  2:51  Orbital Command  
  27  2:53  SCV  
  27  2:55  Starport  
  28  3:01  Barracks Reactor  
  28  3:02  Factory Tech Lab  
  28  3:05  SCV  
  29  3:14  Command Center  
  29  3:17  SCV x2  
  31  3:29  SCV, Supply Depot  
  31  3:30  SCV  
  33  3:39  Banshee  
  36  3:44  SCV x2  
  36  3:48  Hellion x2  
  41  3:53  Supply Depot  
  41  3:56  SCV x2  
  41  3:59  Barracks Tech Lab  
  43  4:08  SCV x2  
  45  4:12  Barracks  
  45  4:15  Barracks  
  45  4:18  Factory Reactor, Stimpack  
  45  4:21  SCV x2  
  47  4:27  Orbital Command  
  47  4:30  Refinery  
  47  4:32  Engineering Bay, Refinery  
  47  4:33  Engineering Bay  
  47  4:34  SCV x2  
  47  4:37  Marine  
  48  4:49  SCV x2  
  48  4:50  Starport Reactor  
  48  4:55  Marine  
  48  4:56  SCV  
  48  4:59  Marine  
  50  5:00  Marine  
  50  5:01  SCV x2, Terran Infantry Armor Level 1, Terran Infantry Weapons Level 1  
  50  5:06  Siege Tank  
  57  5:12  Marine x3, Orbital Command  
  57  5:14  SCV x2  
  62  5:17  Marine x2  
  64  5:22  Supply Depot x2  
  64  5:26  SCV x2  
  66  5:28  Medivac x2  
  66  5:32  Marine  
  66  5:33  Marine x2  
  66  5:35  Marine x2  
  74  5:38  SCV x2  
  77  5:43  SCV, Siege Tank  
  77  5:46  Supply Depot  
  81  5:51  Supply Depot  
  81  5:54  SCV x2  
  81  5:55  SCV  
  81  5:56  Marine x4  
  81  5:57  Marine, Combat Shield  
  88  6:01  Medivac x2  
  93  6:07  Armory  
  93  6:08  SCV x3  
  93  6:09  Supply Depot  
  96  6:14  Supply Depot  
  96  6:20  SCV x3  
  96  6:22  Marine x2  
  96  6:23  Marine x3  
  104  6:31  Widow Mine  
  106  6:33  Barracks  
  106  6:34  Barracks  
  106  6:36  SCV x3  
  106  6:37  Medivac x2  
  113  6:42  Marine x4  
  113  6:46  Marine  
  118  6:50  SCV x3  
  118  6:52  Missile Turret, Refinery  
  121  6:54  Missile Turret  
  121  6:57  Widow Mine  
  123  7:06  Marine  
  123  7:07  Marine  
  125  7:12  Supply Depot  
  125  7:13  Supply Depot  
  125  7:15  Drilling Claws  
  125  7:16  Marine x3, Terran Infantry Weapons Level 2  
  125  7:18  Terran Infantry Armor Level 2  
  127  7:24  Marine x2, Barracks Reactor x2  
  127  7:29  Refinery  
  128  7:31  Widow Mine  
  128  7:33  Factory  
  130  7:39  Marine x3  
  133  7:45  Command Center  
  133  7:46  Supply Depot  
  133  7:49  Concussive Shells  
  133  7:52  Widow Mine  
  133  7:53  SCV  
  133  7:54  SCV x2  
  133  7:57  Marine x4, Supply Depot  
  133  7:58  Marine  
  143  8:05  Marine x2  
  143  8:09  Marine x2  
  147  8:14  Barracks  
  147  8:15  Barracks, Marine x3  
  147  8:17  Factory Reactor  
  147  8:18  Thor  
  156  8:21  Barracks  
  156  8:24  Medivac  
  156  8:25  Medivac  
  155  8:40  Marine  
  155  8:41  Marine x7, Marauder  
  164  8:54  Widow Mine  
  164  8:55  Widow Mine  
  152  8:58  Marine x4  
  152  8:59  Missile Turret, Marine x3  
  152  9:00  Medivac  
  152  9:01  Widow Mine, Medivac  
  163  9:04  Missile Turret  
  163  9:07  Marauder  
  163  9:09  Barracks Tech Lab x2  
  165  9:10  Barracks Tech Lab  
  165  9:12  Missile Turret  
  165  9:17  Supply Depot  
  165  9:20  SCV x3, Widow Mine x2  
  165  9:21  Marine  
  173  9:27  Supply Depot  
  173  9:29  Sensor Tower  
  173  9:32  Marine x2  
  173  9:35  Marine  
  173  9:36  Marine  
  173  9:37  Marine x3  
  173  9:38  Widow Mine, Marauder x2  
  173  9:39  Marine, Marauder x2  
  173  9:43  Widow Mine  
  180  9:49  Widow Mine  
  180  9:50  Supply Depot  
  181  9:59  Widow Mine, Marauder x2  
  170  10:00  Marauder  
  170  10:02  SCV  
  170  10:03  SCV x2  
  162  10:11  Marauder  
  158  10:16  Medivac  
  158  10:18  Marine x2  
  164  10:21  Supply Depot  
  164  10:25  Missile Turret  
  142  10:32  Widow Mine x3  
  142  10:35  Marine x2  
  131  10:39  Planetary Fortress  
  131  10:47  Marine x3  
  134  10:50  Marine  
  134  10:53  Widow Mine x2  
  134  10:56  Marine  
  138  10:57  Marine x2  
  138  10:59  Marine x2  
  140  11:05  Widow Mine  
  140  11:09  Marine x3  
  132  11:14  Widow Mine  
  132  11:15  Widow Mine  
  132  11:18  Marine x6  
  127  11:24  Marine  
  117  11:28  SCV x3  
  117  11:29  SCV  
  121  11:32  Terran Infantry Weapons Level 3  
  121  11:39  Terran Infantry Armor Level 3  
  117  11:52  Marauder x2  
  117  11:53  Marine, Marauder x2  
  123  11:58  SCV  
  123  11:59  SCV  
  123  12:00  SCV x2  
  127  12:02  Marine  
  127  12:03  Marine x3  
  127  12:05  Marine  
  127  12:06  Marine  
  133  12:10  SCV  
  133  12:14  Marauder x2  
  138  12:17  Marauder  
  138  12:24  Marine  
  138  12:25  Marine x7  
  138  12:27  Marauder  
  148  12:32  Widow Mine  
  148  12:33  Widow Mine  
  148  12:34  Widow Mine  
  154  12:37  Marauder x2  
  154  12:41  Marauder  
  154  12:42  Marine x2  
  154  12:44  Medivac  
  164  12:46  Medivac  
  164  12:47  Marine  
  165  12:56  Marine  
  165  12:57  Marine x5  
  165  12:58  Marine x2  
  172  13:06  Marauder  
  167  13:15  Marauder  
  167  13:16  Marauder  
  167  13:18  Widow Mine  
  173  13:20  Marauder, Supply Depot  
  173  13:22  Supply Depot  
  173  13:26  Supply Depot  
  175  13:34  Marine x5  
  169  13:42  Widow Mine x3  
  175  13:49  Marauder  
  175  13:50  Marauder x3  
  175  13:55  Marine x6  
  187  13:59  Orbital Command  
  186  14:10  Widow Mine x3  
  187  14:17  Marauder  
  187  14:20  Marine x5  
  183  14:35  Marauder x3  
  117  14:38  Marine  
  117  14:39  Marine x5  
Show
View Real Time Build Order
Export as new Build Order

Lambo Zerg - Winner!

Build Orders: Hatch First, Muta Ling Bane 

Get SALT Encoding   

  12  0:01  Drone  
  13  0:12  Overlord  
  13  0:17  Drone  
  14  0:31  Drone x2  
  16  0:47  Hatchery  
  15  0:52  Drone  
  15  0:55  Drone  
  17  0:58  Drone  
  18  1:10  Extractor  
  17  1:13  Spawning Pool  
  17  1:16  Drone  
  17  1:20  Drone  
  18  1:28  Drone  
  19  1:39  Drone  
  20  1:53  Overlord  
  20  2:00  Queen x2  
  20  2:01  Zergling x4  
  26  2:11  Drone x2  
  26  2:13  Metabolic Boost  
  28  2:24  Drone x2  
  30  2:37  Drone, Hatchery  
  31  2:41  Drone  
  31  2:44  Drone  
  31  2:47  Overlord  
  32  2:53  Drone  
  32  2:56  Queen  
  35  3:01  Drone  
  36  3:07  Drone x2  
  36  3:09  Drone x2  
  36  3:11  Overlord  
  40  3:16  Drone  
  41  3:20  Drone  
  42  3:27  Drone  
  42  3:32  Queen  
  45  3:39  Drone x2  
  47  3:44  Drone x3  
  52  3:51  Lair  
  52  3:52  Drone x2  
  52  3:54  Drone  
  52  3:56  Extractor  
  52  3:57  Drone  
  52  4:02  Overlord  
  52  4:04  Zergling x2  
  52  4:08  Queen  
  55  4:10  Zergling x4  
  55  4:11  Overlord  
  57  4:18  Overlord  
  57  4:20  Queen, Overlord  
  57  4:22  Zergling x4  
  57  4:23  Drone x2  
  57  4:24  Drone  
  64  4:26  Drone  
  64  4:29  Drone, Spore Crawler  
  65  4:34  Zergling x2  
  65  4:35  Drone  
  66  4:48  Drone x9  
  66  4:51  Overseer  
  66  4:52  Spire  
  73  4:54  Drone x2  
  73  4:58  Extractor  
  73  4:59  Spore Crawler  
  73  5:00  Extractor, Overlord  
  73  5:02  Drone x2  
  73  5:03  Drone  
  73  5:08  Drone  
  73  5:09  Drone  
  73  5:11  Drone  
  73  5:13  Baneling Nest  
  75  5:14  Overlord x2  
  75  5:18  Drone  
  76  5:25  Drone x2  
  76  5:26  Drone  
  76  5:27  Hatchery  
  79  5:28  Drone  
  79  5:29  Drone  
  79  5:32  Extractor  
  79  5:33  Extractor  
  79  5:35  Drone x3  
  81  5:36  Drone  
  81  5:37  Drone  
  81  5:39  Drone x2  
  85  5:48  Drone  
  86  5:51  Zergling x8  
  90  6:04  Mutalisk x6  
  90  6:10  Evolution Chamber  
  101  6:11  Evolution Chamber  
  101  6:13  Zergling x12  
  101  6:17  Baneling x6  
  101  6:18  Overlord x2  
  105  6:20  Overlord  
  105  6:23  Baneling x2  
  105  6:24  Baneling  
  105  6:27  Overlord  
  105  6:28  Overlord  
  105  6:30  Centrifical Hooks  
  105  6:36  Overlord  
  105  6:37  Zergling x2  
  105  6:38  Zergling x10  
  111  6:40  Zergling x2  
  111  6:41  Zergling x4  
  114  6:49  Mutalisk x4  
  114  6:53  Drone x3  
  125  7:00  Zerg Ground Armor Level 1  
  125  7:03  Drone x2  
  125  7:04  Drone  
  125  7:06  Zerg Melee Weapons Level 1  
  125  7:07  Zergling x6  
  130  7:11  Zergling x10  
  135  7:16  Baneling x4  
  135  7:17  Zergling x8  
  139  7:25  Overlord  
  139  7:26  Drone x7  
  146  7:38  Drone x4  
  146  7:40  Pneumatized Carapace, Hatchery  
  146  7:43  Mutalisk x2  
  153  7:47  Zergling x10  
  158  7:54  Extractor, Mutalisk x3  
  163  8:02  Drone x3  
  163  8:04  Zergling x2  
  167  8:08  Overseer  
  167  8:11  Overlord x2  
  167  8:18  Infestation Pit  
  166  8:21  Zergling x2  
  166  8:22  Overlord  
  166  8:24  Zerg Flyer Weapons Level 1  
  166  8:25  Overlord  
  166  8:26  Overlord  
  167  8:27  Overlord  
  167  8:30  Overlord  
  167  8:34  Zergling x20  
  167  8:38  Zergling x8  
  167  8:49  Zergling x20  
  175  9:03  Hive  
  175  9:04  Zerg Ground Armor Level 2, Zerg Melee Weapons Level 2  
  175  9:12  Mutalisk x3  
  175  9:13  Mutalisk x3  
  175  9:16  Zergling x26  
  200  9:19  Baneling x9  
  200  9:27  Baneling x7  
  200  9:29  Baneling  
  200  9:36  Zergling x4  
  195  9:43  Zergling x16  
  195  9:45  Overlord  
  198  9:59  Zergling x24  
  200  10:06  Zergling x14  
  199  10:13  Overlord  
  192  10:17  Adrenal Glands  
  192  10:18  Drone x3  
  192  10:19  Ultralisk Cavern, Drone x2  
  196  10:25  Zergling x2  
  196  10:26  Zergling x12  
  187  10:29  Zergling x2  
  187  10:34  Zergling x6  
  158  10:37  Zergling x2  
  158  10:41  Zergling x4  
  160  10:45  Baneling x15  
  160  10:46  Zergling x6  
  160  10:47  Zergling x22  
  160  10:48  Baneling x18  
  174  10:50  Zergling x2  
  174  10:51  Overseer  
  174  10:52  Zergling x2  
  174  10:56  Zergling x2  
  174  10:57  Zergling x4, Baneling x8  
  175  11:05  Zergling x8  
  175  11:09  Zergling x2  
  165  11:12  Baneling x3  
  165  11:13  Zergling x2, Baneling x12  
  165  11:16  Zergling x24  
  170  11:20  Zergling x6  
  170  11:24  Zergling x2  
  165  11:26  Baneling x12  
  165  11:29  Zergling x6  
  168  11:35  Zergling x4  
  168  11:37  Chitinous Plating  
  164  11:43  Overseer  
  164  11:44  Zergling x18  
  164  11:45  Zergling x4  
  175  11:52  Zergling x4  
  175  11:53  Hatchery  
  167  12:00  Zerg Melee Weapons Level 3, Zerg Ground Armor Level 3  
  168  12:01  Zergling x16  
  175  12:12  Zergling x2  
  175  12:13  Zergling x20  
  175  12:14  Overseer  
  186  12:21  Zergling x8  
  188  12:30  Zergling x6  
  188  12:31  Zergling x8  
  188  12:32  Baneling  
  188  12:33  Baneling x12  
  195  12:43  Zergling x10  
  200  12:49  Overlord  
  199  12:53  Baneling x10  
  199  12:56  Overlord  
  199  13:03  Zergling x2  
  179  13:13  Ultralisk x3  
  179  13:17  Zergling x8  
  199  13:29  Zergling x2  
  199  13:30  Zergling x6  
  199  13:32  Zergling x14  
  191  13:41  Ultralisk  
  191  13:48  Anabolic Synthesis  
  195  13:50  Zergling x10  
  195  13:55  Baneling x20, Overseer  
  200  13:56  Overseer  
  200  14:18  Overlord  
  200  14:23  Zergling x10  
  200  14:27  Zergling x8  
  172  14:31  Zergling x4  
  172  14:32  Zergling x28  
Tags
 
Add a new tag
Caveats
  • Supply blocks, unpowered buildings, or Contaminate may cause inaccurate times.
  • Supply counts are checked every 10 seconds.